 Dungeon Crawl Stone Soup version 0.20.0-8-g6b59dc7 (console) character file.

28 removed the Vexing (level 2, -4/22 HPs)
             Began as a Mummy Arcane Marksman on May 30, 2017.
             Slain by a worm (7 damage)
             ... on level 2 of the Dungeon.
             The game lasted 00:01:28 (1467 turns).

removed the Vexing (Mummy Arcane Marksman)          Turns: 1467, Time: 00:01:29

Health: -4/22      AC:  2    Str: 13    XL:     2   Next: 96%
Magic:  5/5        EV: 12    Int: 12    God:
Gold:   60         SH:  0    Dex: 12    Spells: 4/5 levels left

rFire    x . .     SeeInvis .   a - +0 whip
rCold    + . .     Gourm    .   (no shield)
rNeg     + + +     Faith    .   f - +0 robe
rPois    ∞         Spirit   .   (no helmet)
rElec    .         Reflect  .   (no cloak)
rCorr    .         Harm     .   (no gloves)
MR       .....                  (no boots)
Stlth    +.........             (no amulet)
Regen    0.1/turn               (no ring)
MPRegen  0.1/turn               (no ring)

@: no status effects
A: no food or potions, fire vulnerability, cold resistance 1, negative energy
resistance 3, torment resistance, unbreathing
a: no special abilities


You were on level 2 of the Dungeon.
You were not hungry.

You visited 1 branch of the dungeon, and saw 2 of its levels.

You collected 60 gold pieces.

Inventory:

Hand Weapons
 a - a +0 whip (weapon)
Missiles
 c - 4 javelins (quivered)
 d - a throwing net
Armour
 f - a +0 robe (worn)
Scrolls
 e - 2 scrolls of remove curse {unknown}
 g - a scroll of teleportation {unknown}
 h - a scroll of blinking {unknown}
 i - a scroll of recharging {unknown}
Books
 b - a book of Debilitation

   Spells                             Type                      Level
   a - Corona                         Hexes                        1
   b - Slow                           Hexes                        2
   c - Inner Flame                    Hexes/Fire                   3
   d - Portal Projectile              Hexes/Translocation          3
   e - Cause Fear                     Hexes                        4
   f - Leda's Liquefaction            Hexes/Earth                  4


   Skills:
 + Level 2.0 Fighting
 - Level 1.7 Throwing
 - Level 1.7 Dodging
 - Level 2.2 Spellcasting
 - Level 2.8 Hexes


You had 4 spell levels left.
You knew the following spells:

 Your Spells              Type           Power        Failure   Level  Hunger
a - Corona                Hex            #......      9%          1    N/A

Dungeon Overview and Level Annotations

Branches:
Dungeon (2/15)

Altars:


Innate Abilities, Weirdness & Mutations

You do not eat or drink.
Your flesh is vulnerable to fire.
You are immune to poison.
Your flesh is cold resistant. (rC+)
You are immune to negative energy. (rN+++)
You are immune to unholy pain and torment.
You can survive without breathing.


Message History

You barely miss the worm.
The worm is lightly wounded.
The rat bites you. The worm barely misses you. The kobold closely misses you.
Unknown command.
You hit the worm.
The worm is moderately wounded.
The rat misses you. The kobold hits you but does no damage. The worm bites you.
* * * LOW HITPOINT WARNING * * *
The kobold hits you with a club.
* * * LOW HITPOINT WARNING * * *
Unknown command.
You hit the worm.
The worm is heavily wounded.
The rat barely misses you. The kobold hits you but does no damage.
The kobold closely misses you.
Unknown command.
You hit the worm but do no damage.
The worm is heavily wounded.
The rat barely misses you. The kobold closely misses you. The worm bites you!
You die...

.....#..####.##.#. #.
#....(..# #.##... # #.
#...##..####.##...
#.##.##...##............
.......... #.##.........
.......###........#...
##.#.....#...#####......
......KrK#..............
#.####@.#..............
#....w..###.##.##......
#.##....(...#..........
.........#..# ###.##..
........(#..# ##.###.
#?....^........ .......
#.........####.. .....#.
....<....## .###.##...
#.##..... . .......


You could see a worm, 2 kobolds and a rat.

Vanquished Creatures
  A dart slug (D:2)
  2 leopard geckos (D:1)
  2 giant cockroaches (D:1)
  3 goblins (D:2)
  A hobgoblin (D:1)
  4 kobolds
  A quokka (D:2)
  A ball python (D:1)
  3 bats
  3 frilled lizards
  A rat (D:1)
22 creatures vanquished.

Notes
Turn   | Place    | Note
-------+----------+-------------------------------------------
     0 | D:1      | removed the Mummy Arcane Marksman began the quest for the Orb.
     0 | D:1      | Reached XP level 1. HP: 15/15 MP: 2/2
   221 | D:1      | Reached XP level 2. HP: 7/21 MP: 5/5
  1467 | D:2      | Slain by a worm

Skill      XL: |  1  2 |
---------------+-------+-----
Spellcasting   | 2 |  2.2
Fighting       | 2 |  2.0
Throwing       | |  1.7
Dodging        | |  1.7
Hexes          | |  2.8

Action                   || total
-------------------------++-------
Melee: Unarmed           ||    39
       Whip              ||    75
Throw: Javelin           ||    15
       Throwing net      ||     1
Armor: Robe              ||    18
Dodge: Dodged            ||   101
